 Dungeon Crawl Stone Soup version 0.29.1-15-g9cfb28693d (webtiles) character file.

Game seed: 12306836172959907527

654 Peloso the Slasher (level 7, -11/61 HPs)
             Began as a Minotaur Fighter on Apr 29, 2023.
             Mangled by an ogre
             ... wielding a +0 giant spiked club
              (28 damage)
             ... on level 5 of the Dungeon.
             The game lasted 00:11:23 (5543 turns).

Peloso the Slasher (Minotaur Fighter)               Turns: 5543, Time: 00:11:23

Health: -11/61     AC: 10    Str: 20    XL:     7   Next: 29%
Magic:  6/6        EV:  8    Int:  5    God:
Gold:   185        SH:  5    Dex: 12    Spells: 6/6 levels left

rFire   . . .      SeeInvis .   a - +0 long sword
rCold   . . .      Faith    .   d - +0 buckler
rNeg    . . .      Spirit   .   c - +0 chain mail
rPois   .          Reflect  .   (helmet restricted)
rElec   .          Harm     .   (no cloak)
rCorr   .          Rampage  .   (no gloves)
Will    .....                   (no boots)
Stlth   ..........              (no amulet)
HPRegen 0.20/turn               (no ring)
MPRegen 0.10/turn               (no ring)

@: no status effects
A: horns 2, retaliatory headbutt
a: no special abilities


You were on level 5 of the Dungeon.
You visited 2 branches of the dungeon, and saw 6 of its levels.

You collected 185 gold pieces.

Inventory:

Hand Weapons
 a - a +0 long sword (weapon)
 b - a +2 dagger of flaming
Armour
 c - a +0 chain mail (worn)
 d - a +0 buckler (worn)
Jewellery
 e - a ring of wizardry
 m - a ring of willpower
Wands
 o - a wand of polymorph (12)
Scrolls
 f - a scroll of immolation
 h - 3 scrolls of teleportation {unknown}
 i - a scroll of fear {unknown}
 r - a scroll of identify
 s - a scroll of vulnerability {unknown}
 t - a scroll of silence
 v - a scroll of magic mapping {unknown}
Potions
 g - 5 potions of flight
 j - a potion of cancellation
 k - a potion of brilliance {unknown}
 l - a potion of might
 n - a potion of ambrosia {unknown}
 p - a potion of heal wounds {unknown}
 q - a potion of haste
 u - a potion of invisibility {unknown}


   Skills:
 + Level 5.1 Fighting
 + Level 6.4 Long Blades
 + Level 6.1 Armour
 + Level 2.0 Dodging
 + Level 0.9 Stealth
 + Level 4.5 Shields


You had 6 spell levels left.
You didn't know any spells.
Your spell library contained the following spells:

 Spells                   Type           Power      Damage    Failure   Level
 Sublimation of Blood     Necr           0%         N/A       100%        2
 Portal Projectile        Hex/Tloc       0%         N/A       100%        3
 Tukima's Dance           Hex            0%         N/A       100%        3
 Hailstorm                Conj/Ice       0%         3d3       100%        4
 Ice Form                 Ice/Tmut       0%         N/A       100%        4
 Petrify                  Tmut/Erth      0%         N/A       100%        4
 Blade Hands              Tmut           0%         N/A       100%        5
 Irradiate                Conj/Tmut      0%         3d11      100%        5
 Simulacrum               Ice/Necr       0%         N/A       100%        6


Dungeon Overview and Level Annotations

Branches:
Dungeon (5/15)             Temple (1/1) D:4

Altars:
Cheibriados
Dithmenos
Elyvilon
Fedhas
Hepliaklqana
Nemelex Xobeh
Qazlal
Ru
Sif Muna
Uskayaw
Vehumet
Yredelemnul
Zin
The Shining One

Shops:
D:1 !   D:2 (([[


Innate Abilities, Weirdness & Mutations

You have a pair of horns on your head.
You reflexively headbutt those who attack you in melee.


Message History

The centaur is moderately wounded.
The centaur hits you but does no damage.
The centaur closely misses you. The centaur hits you.
The centaur kicks you but does no damage.
You hit the centaur.
You headbutt the centaur, but do no damage.
The centaur is heavily wounded.
The centaur closely misses you. You furiously retaliate!
You headbutt the centaur.
The centaur kicks you but does no damage.
You hit the centaur but do no damage.
The centaur is severely wounded.
You block the centaur's attack.
The centaur kicks you but does no damage.
You block the centaur's attack. The centaur kicks you.
You closely miss the centaur. You headbutt the centaur.
You kill the centaur!
Your Fighting skill increases to level 5!
Your Dodging skill increases to level 2!
You see here a +0 shortbow.
You now have 185 gold pieces (gained 19).
You see here a +0 shortbow.
You see here a scorpion corpse.
An ogre comes into view. It is wielding a +0 giant spiked club.
An ogre is nearby!
An ogre is nearby!
An ogre is nearby!
You hit the ogre but do no damage. Your headbutt misses the ogre.
The ogre hits you with a +0 giant spiked club!
You closely miss the ogre. You hit the ogre but do no damage.
The ogre barely misses you.
You slash the ogre!
You headbutt the ogre, but do no damage.
The ogre is moderately wounded.
The ogre hits you with a +0 giant spiked club!!
* * * LOW HITPOINT WARNING * * *
You barely miss the ogre. You headbutt the ogre.
The ogre is moderately wounded.
The ogre hits you with a +0 giant spiked club!!
You die...

#.....#.##.##.........#
#....###.#.#####.####.#
##### ##.#.##
##........# ##.## #....
......###......####
#...####.###
###.###.#.#####.#
#........# #.####.##
#.# #...######
#.......#####.## #####
###.##.#.......#
#.####.####.@# #.# #
#O.# ###.### ....#
#...<.# #..#.# #.....#
##.#.# #.....# ....#
#.....# ##.### #.....#
#######


You could see an ogre.

Vanquished Creatures
  A centaur (D:5)
  3 scorpions
  2 hounds
  A jelly (D:4)
  An orc priest (D:4)
  An iguana (D:4)
  Ijyb (D:3)
  2 orc wizards
  A gnoll (D:1)
  5 adders
  A white imp (D:4)
  4 worms
  2 dart slugs
  6 orcs
  8 endoplasms
  6 giant cockroaches
  8 goblins
  3 hobgoblins
  7 jackals
  9 kobolds
  11 quokkas
  7 ball pythons
  5 bats
  6 frilled lizards
  8 rats
109 creatures vanquished.

Notes
Turn   | Place    | Note
-------+----------+-------------------------------------------
     0 | D:1      | Peloso the Minotaur Fighter began the quest for the Orb.
     0 | D:1      | Reached XP level 1. HP: 19/19 MP: 0/0
    68 | D:1      | Reached XP level 2. HP: 15/27 MP: 1/1
   131 | D:1      | Found a faded altar of an unknown god.
   555 | D:1      | Found Dearrux's Distillery.
   572 | D:1      | Reached XP level 3. HP: 33/33 MP: 2/2
   933 | D:2      | Found Napuuxt's Antique Armour Emporium.
   997 | D:2      | Found Boruigue's Armour Shoppe.
  1156 | D:2      | Found a radiant altar of Vehumet.
  1328 | D:2      | Reached XP level 4. HP: 39/40 MP: 3/3
  1535 | D:2      | Found Genungi's Weapon Boutique.
  2152 | D:3      | Noticed Ijyb
  2442 | D:3      | Killed Ijyb
  2443 | D:3      | Reached skill level 1 in Dodging
  2443 | D:3      | Reached XP level 5. HP: 31/46 MP: 4/4
  2752 | D:2      | Found Wisi Quu's Antique Weapon Shop.
  3301 | D:4      | Reached skill level 5 in Long Blades
  3301 | D:4      | Reached skill level 5 in Armour
  3642 | D:4      | Found a staircase to the Ecumenical Temple.
  3647 | Temple   | Entered the Ecumenical Temple
  4013 | D:4      | Reached XP level 6. HP: 51/53 MP: 5/5
  5016 | D:5      | Entered Level 5 of the Dungeon
  5112 | D:5      | Reached XP level 7. HP: 35/60 MP: 6/6
  5391 | D:5      | Reached skill level 5 in Fighting
  5543 | D:5      | Mangled by an ogre

Illustrated notes

Levels and vault maps discovered:
D:1:      wander_arrival_estate, layout_loops_ring, serial_shops,
          nicolae_shop_trees, hellmonk_ecumenical_altar_blasted
D:2:      layout_basic, serial_shops, nicolae_shop_statue_plus,
          nicolae_shop_advertising_works [nicolae_subvault_shop_adworks], shop,
          nicolae_shop_stone, basic_altar
D:3:      layout_rooms, uniq_ijyb
D:4:      layout_basic, minmay_temple_entry_glassed_door, st_stairs_7,
          grunt_decor_one_mirror, dk_noncrumbling_4, minmay_misc_feat_five
D:5:      layout_loops_cross, uniq_grinder
Temple:   nicolae_temple_bog_church

Skill      XL: |  1  2  3  4  5  6  7 |
---------------+----------------------+-----
Long Blades    | 3 4 5 6 |  6.4
Fighting       | 4 5 |  5.1
Armour         | 4 5 6 |  6.1
Shields        | 4 |  4.5
Dodging        | 1 2 |  2.0
Stealth        | |  0.9

Action                   |  1- 3 |  4- 6 |  7- 9 || total
-------------------------+-------+-------+-------++-------
Melee: Long sword        |   114 |   178 |    22 ||   314
       Headbutt          |    11 |    32 |     7 ||    50
  Use: Scroll            |       |     7 |       ||     7
       Potion            |       |     2 |       ||     2
Armor: Scale mail        |    52 |    60 |       ||   112
       Chain mail        |       |    12 |     8 ||    20
Dodge: Dodged            |    40 |    74 |     7 ||   121
Block: Buckler           |    22 |    41 |     7 ||    70
